 Dungeon Crawl Stone Soup version 0.28.0 (webtiles) character file.

Game seed: 15096416984954681563

2407 Alacron the Grappler (level 9, -2/84 HPs)
             Began as a Troll Berserker on Feb 16, 2022.
             Was an Elder of Trog.
             Slain by an unseen horror (8 damage)
             ... on level 7 of the Dungeon.
             The game lasted 00:11:49 (4965 turns).

Alacron the Grappler (Troll Berserker)              Turns: 4965, Time: 00:11:50

Health: -2/84      AC:  4    Str: 37    XL:     9   Next: 23%
Magic:  8/8        EV: 15    Int:  3    God:    Trog [****..]
Gold:   308        SH:  0    Dex:  9    Spells: 8/8 levels left

rFire   . . .      SeeInvis .     - Unarmed
rCold   . . .      Faith    +   (no shield)
rNeg    . . .      Spirit   .   y - +0 robe
rPois   .          Reflect  .   (helmet restricted)
rElec   .          Harm     .   (no cloak)
rCorr   .          Rampage  .   (gloves unavailable)
Will    .....                   (boots unavailable)
Stlth   +.........              n - amulet of faith
HPRegen 1.04/turn               e - +6 ring of strength
MPRegen 0.11/turn               r - +4 ring of evasion

@: no status effects
A: large, unfitting armour, claws 3, regeneration 1, shaggy fur 1, tough skin 1
a: Renounce Religion, Berserk, Trog's Hand, Brothers in Arms


You were on level 7 of the Dungeon.
You worshipped Trog.
Trog was greatly pleased with you.
You visited 1 branch of the dungeon, and saw 7 of its levels.

You collected 308 gold pieces.

Inventory:

Armour
 a - a +0 animal skin
 y - a +0 robe (worn)
Jewellery
 e - a +6 ring of strength (left claw)
 n - an amulet of faith (around neck)
 r - a +4 ring of evasion (right claw)
Wands
 p - a wand of flame (3)
 q - a wand of paralysis (11)
Scrolls
 b - 8 scrolls of identify {unknown}
 f - a scroll of silence {unknown}
 g - 2 scrolls of teleportation {unknown}
 h - 2 scrolls of torment {unknown}
 k - a scroll of brand weapon {unknown}
 l - 2 scrolls of enchant armour {unknown}
 o - a scroll of vulnerability {unknown}
 s - a scroll of immolation {unknown}
 t - a scroll of blinking {unknown}
 u - 2 scrolls of fog {unknown}
 v - 3 scrolls of noise {unknown}
 w - a scroll of enchant weapon {unknown}
 E - a scroll of magic mapping {unknown}
Potions
 c - a potion of degeneration {unknown}
 d - 5 potions of heal wounds {unknown}
 i - 2 potions of magic {unknown}
 j - a potion of resistance {unknown}
 m - a potion of berserk rage {unknown}
 x - a potion of curing {unknown}
 z - a potion of lignification {unknown}
 A - a potion of mutation {unknown}
 B - a potion of invisibility {unknown}
 C - a potion of might {unknown}
 D - a potion of cancellation {unknown}


   Skills:
 + Level 3.7 Fighting
 + Level 5.5 Dodging
 - Level 0.6 Stealth
 + Level 10.7 Unarmed Combat


You had 8 spell levels left.
You didn't know any spells.
Your spell library was empty.

Dungeon Overview and Level Annotations

Branches:
Dungeon (7/15)             Temple (0/1) D:4

Altars:
Sif Muna
Yredelemnul
The Shining One

Annotations:
D:6 2 transporters


Innate Abilities, Weirdness & Mutations

You are too large for most types of armour.
You have claws for hands.
Your natural rate of healing is unusually fast.
You are covered in fur. (AC +1)
You have tough skin. (AC +1)


Message History

No target in view!
There is a strange disturbance nearby!
No target in view!
There is a strange disturbance nearby!
No target in view!
There is a strange disturbance nearby!
Deactivating autopickup; reactivate with Ctrl-A.
You completely miss something. Something barely misses you.
Found a ring mail.
Something hits you.
You claw something! Something hits you!
You mangle something!! Your claw misses something.
Something completely misses you. Something barely misses you.
Something hits you. Something hits you!
A gnoll sergeant comes into view. It is wielding a +0 spear.
The gnoll sergeant shouts!
You hear a shout!
Something hits you!
The gnoll sergeant hits you from afar with a +0 spear.
Something hits you!
You see here a manual of Fighting.
The gnoll sergeant misses you. Something hits you.
You scratch the gnoll sergeant but do no damage.
You hear a shout!
Something hits you! The gnoll sergeant closely misses you.
You mangle the gnoll sergeant!!
You kill the gnoll sergeant!
Trog accepts your kill. Something hits you but does no damage.
An orc warrior comes into view. It is wielding a +0 war axe.
Something hits you.
The orc warrior shouts!
You barely miss the orc warrior. Something hits you!
The orc warrior hits you with a +0 war axe!!
* * * LOW HITPOINT WARNING * * *
You barely miss the orc warrior. Something hits you!
* * * LOW HITPOINT WARNING * * *
The orc warrior misses you.
You barely miss the orc warrior. Something hits you!
You die...

# #.# # #.# # # #.#
.## #######.# ##..
#.. .......># ##..
..# #.####..# ##..#
#.. #.#
#..###..#.#.#
#.####..##..###:##
#.......##.#.#.#@#
.####...##.#..###o.#
...........#.#.# #.#
............###[#
#.. ...##..#...#.#
#.# .##
...##..#...#).# #..
# .......#...#...#
.##
..####.#....###.. #
.......#...... .##


You could see an orc warrior.

Vanquished Creatures
  A human (D:3)
  A water moccasin (D:6)
  3 ice beasts
  A sky beast (D:6)
  An ogre (D:4)
  2 necrophages (D:6)
  3 centaurs
  A bullfrog (D:5)
  A gnoll sergeant (D:7)
  2 scorpions
  A water moccasin skeleton (D:5)
  7 wights
  3 howler monkeys (D:7)
  2 hounds
  A jelly (D:7)
  2 orc priests (D:5)
  A centaur skeleton (D:6)
  A gnoll shaman (D:6)
  A bullfrog skeleton (D:6)
  A human skeleton (D:3)
  3 iguanas
  An orc wizard (D:4)
  A scorpion zombie (D:5)
  A killer bee zombie (D:7)
  5 gnolls (D:6)
  A howler monkey zombie (D:5)
  7 adders
  A shadow imp (D:6)
  A white imp (D:7)
  2 ufetubi
  A worm (D:2)
  7 orcs
  9 ball pythons
  5 endoplasms
  4 giant cockroaches
  6 goblins
  3 hobgoblins
  4 jackals (D:2)
  5 kobolds
  3 quokkas
  8 bats
  7 frilled lizards
  4 rats
125 creatures vanquished.

Notes
Turn   | Place    | Note
-------+----------+-------------------------------------------
     0 | D:1      | Alacron the Troll Berserker began the quest for the Orb.
     0 | D:1      | Reached XP level 1. HP: 22/22 MP: 0/0
    80 | D:1      | Reached XP level 2. HP: 25/29 MP: 1/1
   440 | D:2      | Reached XP level 3. HP: 33/36 MP: 2/2
   598 | D:2      | Reached ** piety under Trog
   703 | D:2      | Found a faded altar of an unknown god.
   943 | D:2      | Reached XP level 4. HP: 43/44 MP: 3/3
  1166 | D:3      | Found a runed translucent door.
  1338 | D:3      | Reached skill level 4 in Unarmed Combat
  1601 | D:3      | Noticed a human
  1605 | D:3      | Found a basalt altar of Yredelemnul.
  1797 | D:3      | Killed a human
  1798 | D:3      | Reached skill level 5 in Unarmed Combat
  1798 | D:3      | Reached XP level 5. HP: 50/52 MP: 4/4
  1847 | D:4      | Found a glowing golden altar of the Shining One.
  1902 | D:4      | Reached XP level 6. HP: 50/61 MP: 5/5
  1908 | D:4      | Reached skill level 6 in Unarmed Combat
  2080 | D:4      | Reached XP level 7. HP: 62/67 MP: 6/6
  2205 | D:4      | Found a staircase to the Ecumenical Temple.
  2236 | D:4      | Identified the +0 plate armour of Winter {Int+2}
  2410 | D:4      | Found a shimmering blue altar of Sif Muna.
  2638 | D:5      | Entered Level 5 of the Dungeon
  2689 | D:5      | Reached *** piety under Trog
  2708 | D:5      | Reached skill level 7 in Unarmed Combat
  2926 | D:5      | Reached skill level 8 in Unarmed Combat
  2926 | D:5      | Reached XP level 8. HP: 36/75 MP: 7/7
  3375 | D:6      | Noticed a kobold demonologist
  3378 | D:6      | Found a transporter.
  3381 | D:6      | Noticed a kobold demonologist
  3398 | D:6      | Reached skill level 9 in Unarmed Combat
  3411 | D:6      | Found a transporter.
  3449 | D:6      | You fall into a shaft and drop 1 floor!
  3579 | D:6      | Reached skill level 5 in Dodging
  3671 | D:6      | Reached **** piety under Trog
  3910 | D:6      | Reached skill level 10 in Unarmed Combat
  4565 | D:7      | Reached XP level 9. HP: 69/83 MP: 8/8
  4965 | D:7      | Slain by an unseen horror

Illustrated notes

Levels and vault maps discovered:
D:1:      grunt_arrival_crossed_arrows, layout_rooms
D:2:      layout_loops_ring, shapermc_ecumenical_altar_notcrosses
D:3:      layout_basic, dk_yredelemnul_ordeal, minmay_distorted
D:4:      layout_loops_ring, mainiacjoe_overflow_alcove_1,
          mainiacjoe_overflow_surrounded_room, minmay_temple_entry_junction_2,
          minmay_misc_feat_four_crosses
D:5:      layout_loops_cross
D:6:      gammafunk_wand_slinger, layout_basic, kennysheep_boxes
D:7:      layout_basic, minmay_manual_mail

Skill      XL: |  1  2  3  4  5  6  7  8 |
---------------+-------------------------+-----
Dodging        | 3 4 5 |  5.5
Unarmed Combat | 5 6 8 10 | 10.7
Fighting       | 3 |  3.7
Stealth        | |  0.6

Action                   |  1- 3 |  4- 6 |  7- 9 || total
-------------------------+-------+-------+-------++-------
Melee: Unarmed           |    92 |    55 |   177 ||   324
       Punch             |       |     1 |     6 ||     7
Armor: Animal skin       |    30 |     8 |    21 ||    59
       Robe              |       |       |     4 ||     4
Dodge: Dodged            |    38 |    22 |   103 ||   163
